cohdb
Replays
Latest Replays
All Replays
Popular Replays
Top Player Replays
Match Explorer
How It Works
Community
CoH3 Stats
Reddit
Sign in to upload your games and track your stats! →
Sign in with Steam
Match 38644011
Unlisted
Match 38644011
Overview
Messages
Build Orders
End
Construct Barracks
Engineer Squad
Riflemen Squad
Riflemen Squad
Construct Weapon Support Center
Bazooka Squad
Grenade Package
Infantry Support Center
M1919 Machine Gun Team
M1919 Machine Gun Team
M3 Armored Personnel Carrier
Engineer Squad
M1918 Browning Automatic Rifles
Selects Advanced Infantry Battlegroup
Selects Convert to Ranger Squad
Selects Frontline Medical Station
Advanced Logistics
Selects Ranger Weapon Training
Convert to Ranger Squad
Construct Tank Depot
pp123p
ConcernedApe
max7716
DeVil»07
Enocometalero
yoon303a
UBERdumpster
Cicero_540
0
0
Comments
sign in to comment!
No comments posted yet!